 Dungeon Crawl Stone Soup version 0.29-a0-416-g83a48905f1 (webtiles) character file.

Game seed: 8535207913493107101

247 HendSelp the Poker (level 6, 0/48 HPs)
             Began as a Human Monk on May 16, 2022.
             Slain by an orc
             ... wielding a +0 club
              (4 damage)
             ... on level 3 of the Dungeon.
             The game lasted 00:04:41 (3967 turns).

HendSelp the Poker (Human Monk)                     Turns: 3967, Time: 00:04:42

Health: 0/48       AC: 11    Str: 14    XL:     6   Next: 34%
Magic:  6/6        EV:  7    Int: 10    God:
Gold:   133        SH:  0    Dex: 15    Spells: 5/5 levels left

rFire   . . .      SeeInvis .   f - +0 trident
rCold   . . .      Faith    .   (no shield)
rNeg    . . .      Spirit   .   d - +1 chain mail
rPois   .          Reflect  .   a - +0 hat
rElec   .          Harm     .   (no cloak)
rCorr   .          Rampage  .   b - +0 pair of gloves
Will    .....                   (no boots)
Stlth   ..........              (no amulet)
HPRegen 0.16/turn               (no ring)
MPRegen 0.10/turn               (no ring)

@: confused, ambrosia-drunk
A: no striking features
a: no special abilities


You were on level 3 of the Dungeon.
You visited 1 branch of the dungeon, and saw 3 of its levels.

You collected 133 gold pieces.

Inventory:

Hand Weapons
 f - a +0 trident (weapon)
Armour
 a - a +0 hat (worn)
 b - a +0 pair of gloves (worn)
 d - a +1 chain mail (worn)
Scrolls
 e - a scroll of identify
 g - a scroll of magic mapping
 h - 2 scrolls of fog
 i - a scroll of torment {unknown}


   Skills:
 + Level 4.0 Fighting
 + Level 4.9 Polearms
 + Level 2.5 Armour
 + Level 3.6 Dodging
 - Level 2.0 Stealth


You had 5 spell levels left.
You didn't know any spells.
Your spell library contained the following spells:

 Spells                   Type           Power      Damage    Failure   Level
 Cause Fear               Hex            0%         N/A       100%        4
 Dragon Form              Tmut           0%         N/A       100%        7
 Dragon's Call            Summ           0%         N/A       100%        9


Dungeon Overview and Level Annotations

Branches:
Dungeon (3/15)

Altars:
Dithmenos


Message History

Unknown command.
You hit the orc but do no damage.
The orc is almost dead.
The orc hits you but does no damage. The orc closely misses you.
The orc barely misses you.
Unknown command.
You barely miss the orc.
The orc is severely wounded.
The orc barely misses you. The orc hits you with a +0 club.
* * * LOW HITPOINT WARNING * * *
The orc hits you but does no damage.
You hit the orc but do no damage.
The orc is severely wounded.
The orc hits you but does no damage. The orc hits you with a +0 club.
* * * LOW HITPOINT WARNING * * *
The orc hits you but does no damage.
Unknown command.
You hit the orc but do no damage.
The orc is severely wounded.
The orc hits you with a +0 hand axe.
* * * LOW HITPOINT WARNING * * *
The orc hits you but does no damage. The orc hits you with a +0 club.
* * * LOW HITPOINT WARNING * * *
You completely miss the orc.
The orc is severely wounded.
The orc barely misses you. The orc hits you with a +0 club.
* * * LOW HITPOINT WARNING * * *
The orc hits you but does no damage.
Unknown command.
You hit the orc but do no damage.
The orc is severely wounded.
The orc hits you with a +0 hand axe.
* * * LOW HITPOINT WARNING * * *
The orc hits you but does no damage. x2
Unknown command.
You are confused.
You feel invigorated. The orc hits you with a +0 hand axe.
* * * LOW HITPOINT WARNING * * *
The orc hits you with a +0 club.
You die...

......... .. ........#
... ........# ...
......o.# ... ......).#
... ........##### ...
..........†.####### ...
........###.o.....# ...
........# #.@.....# ...
....##### #.oo....# ###
........# ##.######
........# ######..#
........# #.....#.#
........# #.....#..#
........# #.....##.#
#......###.....##.##...#
#..............# ..#...#


You could see 3 orcs.

Vanquished Creatures
  A phantom (D:2)
  An orc priest (D:3)
  An orc wizard (D:3)
  2 adders
  A dart slug (D:2)
  8 orcs (D:3)
  5 endoplasms
  2 giant cockroaches (D:2)
  10 hobgoblins
  11 jackals
  4 quokkas
  7 ball pythons
  3 bats
  6 frilled lizards
  10 goblins
  6 kobolds
  8 rats
86 creatures vanquished.

Notes
Turn   | Place    | Note
-------+----------+-------------------------------------------
     0 | D:1      | HendSelp the Human Monk began the quest for the Orb.
     0 | D:1      | Reached XP level 1. HP: 18/18 MP: 1/1
   386 | D:1      | Reached XP level 2. HP: 19/24 MP: 2/2
   988 | D:1      | Reached XP level 3. HP: 29/29 MP: 3/3
  1344 | D:2      | Noticed a phantom
  1737 | D:2      | Found a shadowy altar of Dithmenos.
  1794 | D:2      | Reached XP level 4. HP: 35/35 MP: 4/4
  1924 | D:2      | Reached skill level 1 in Armour
  2466 | D:2      | You fall into a shaft and drop 1 floor!
  3029 | D:2      | Reached XP level 5. HP: 41/41 MP: 5/5
  3124 | D:2      | Killed a phantom
  3381 | D:3      | Found a faded altar of an unknown god.
  3682 | D:3      | Reached XP level 6. HP: 28/48 MP: 6/6
  3967 | D:3      | Slain by an orc

Illustrated notes

Levels and vault maps discovered:
D:1:      sevenhm_arrival_forest_fort_large_1, layout_basic
D:2:      layout_basic, basic_altar, chequers_jeans, st_stairs_10,
          minmay_pentomino_r2
D:3:      layout_basic, shapermc_ecumenical_altar_pompeii

Skill      XL: |  1  2  3  4  5  6 |
---------------+-------------------+-----
Armour         | 1 2 |  2.5
Polearms       | 4 |  4.9
Fighting       | 4 |  4.0
Dodging        | |  3.6
Stealth        | |  2.0

Action                   |  1- 3 |  4- 6 || total
-------------------------+-------+-------++-------
Melee: Spear             |   140 |   120 ||   260
       Punch             |       |     4 ||     4
       Trident           |       |   119 ||   119
  Use: Scroll            |     3 |     6 ||     9
       Potion            |     1 |     4 ||     5
 Stab: Sleeping          |     1 |       ||     1
Armor: Chain mail        |    98 |   203 ||   301
       Robe              |     2 |       ||     2
Dodge: Dodged            |    63 |    95 ||   158

Table legend: (Time is in decaauts)
 A = Elapsed time spent in this place.
 B = Non-inter-level travel time spent in this place.
 C = Inter-level travel time spent in this place.
 D = Time resting spent in this place.
 E = Time spent auto-exploring this place.
 F = Levels seen in this place.
 G = Mean time per level.
                   A        B        C        D        E       F      G
               +--------+--------+--------+--------+--------+-----+--------+
         Total |   3940 |   3869 |     71 |    191 |   2955 |   3 | 1313.3 |
       Dungeon |   3940 |   3869 |     71 |    191 |   2955 |   3 | 1313.3 |
               +--------+--------+--------+--------+--------+-----+--------+

Top non-repeatable levels by time:
     D:1: 1589 daAuts
     D:3: 1192 daAuts
     D:2: 1158 daAuts
